 Dungeon Crawl Stone Soup version 0.29.1-13-g9f3cf754e1 (webtiles) character file.

Game seed: 1661490169304012317

305 Oxelix the Cudgeller (level 6, -2/40 HPs)
             Began as a Gargoyle Fighter on Feb 1, 2023.
             Slain by a gnoll
             ... wielding a +0 spear
              (7 damage)
             ... on level 3 of the Dungeon.
             The game lasted 00:03:33 (3705 turns).

Oxelix the Cudgeller (Gargoyle Fighter)             Turns: 3705, Time: 00:03:33

Health: -2/40      AC: 12    Str: 21    XL:     6   Next: 39%
Magic:  6/6        EV:  9    Int: 17    God:
Gold:   93         SH:  9    Dex:  9    Spells: 5/5 levels left

rFire   x . .      SeeInvis .   a - +0 flail
rCold   . . .      Faith    .   c - +0 buckler
rNeg    + . .      Spirit   .   b - +0 scale mail
rPois   ∞          Reflect  +   q - +1 hat
rElec   +          Harm     .   (no cloak)
rCorr   .          Rampage  .   (no gloves)
Will    .....                   (no boots)
Stlth   ..........              u - amulet of False Pretenses {Reflect Fly rF- Int+8 SH+5}
HPRegen 0.13/turn               k - ring of flight
MPRegen 0.10/turn               (no ring)

@: flying
A: sickness immunity, AC +4, negative energy resistance 1, electricity
resistance, torment resistance 1, petrification resistance
a: no special abilities


You were on level 3 of the Dungeon.
You visited 1 branch of the dungeon, and saw 3 of its levels.

You collected 93 gold pieces.

Inventory:

Hand Weapons
 a - a +0 flail (weapon)
 e - a +0 mace
Armour
 b - a +0 scale mail (worn)
 c - a +0 buckler (worn)
 q - a +1 hat (worn)
Jewellery
 k - a ring of flight (left hand)
 u - the amulet of False Pretenses (around neck) {Reflect Fly rF- Int+8 SH+5}
   (You found it on level 2 of the Dungeon)

   [amulet of reflection]

   It reflects blocked missile attacks.
   Int:       It affects your intelligence (+8).
   rF:        It makes you vulnerable to fire.
   Fly:       It grants you flight.
   SH:        It affects your SH (+5).
Scrolls
 g - a scroll of amnesia {unknown}
 h - a scroll of vulnerability {unknown}
 i - 2 scrolls of identify {unknown}
 l - a scroll of butterflies {unknown}
 m - a scroll of fear {unknown}
 n - a scroll of magic mapping {unknown}
 r - a scroll of poison {unknown}
 s - 2 scrolls of summoning {unknown}
 t - a scroll of silence {unknown}
Potions
 d - a potion of might
 f - 4 potions of heal wounds {unknown}
 j - 2 potions of curing {unknown}
 o - a potion of resistance {unknown}
 p - 2 potions of degeneration {unknown}
 v - a potion of ambrosia {unknown}


   Skills:
 + Level 5.1 Fighting
 * Level 5.5 Maces & Flails
 - Level 3.2 Armour
 - Level 3.2 Shields


You had 5 spell levels left.
You didn't know any spells.
Your spell library contained the following spells:

 Spells                   Type           Power      Damage    Failure   Level
 Sting                    Tmut/Pois      0%         1d3       63%         1
 Ensorcelled Hibernation  Hex/Ice        0%         N/A       77%         2
 Passwall                 Tmut/Erth      0%         N/A       77%         2
 Poisonous Vapours        Pois/Air       0%         N/A       77%         2
 Ignite Poison            Fire/Tmut/Pois 0%         N/A       94%         3
 Mephitic Cloud           Conj/Pois/Air  0%         N/A       94%         3
 Swiftness                Air            0%         N/A       94%         3
 Olgreb's Toxic Radiance  Pois           0%         N/A       100%        4
 Freezing Cloud           Conj/Ice/Air   0%         6-21      100%        5


Dungeon Overview and Level Annotations

Branches:
Dungeon (3/15)

Altars:

Shops:
D:1 !


Innate Abilities, Weirdness & Mutations

You are immune to sickness and miasma.
Your stone body is resilient. (AC +4)
You are immune to poison.
You resist negative energy. (rN+)
You are resistant to electric shocks. (rElec)
You are resistant to unholy torment.
You are immune to petrification.


Message History

A gnoll comes into view.
It is wielding a +0 spear. 2 gnolls come into view.
The gnoll shouts! x2
You block the gnoll's attack. The gnoll barely misses you.
You sock the gnoll!
The gnoll is heavily wounded.
The gnoll hits you from afar with a +0 spear!
You block the gnoll's attack. The gnoll closely misses you.
The gnoll barely misses you.
The gnoll hits you from afar with a +0 spear. x2
You sock the gnoll!
You kill the gnoll!
The gnoll hits you but does no damage. x2
The gnoll closely misses you.
You barely miss the gnoll. You block the gnoll's attack.
The gnoll hits you but does no damage.
You barely miss the gnoll. The gnoll hits you with a +0 spear.
You block the gnoll's attack.
You hit the gnoll.
The gnoll is lightly wounded.
The gnoll hits you but does no damage. You block the gnoll's attack.
You thump the gnoll!
The gnoll is severely wounded.
The gnoll hits you with a +0 spear.
The gnoll hits you from afar with a +0 spear.
You hit the gnoll.
You kill the gnoll!
You block the gnoll's attack.
You thump the gnoll!
The gnoll is heavily wounded.
The gnoll hits you from afar with a +0 spear.
The gnoll hits you with a +0 club. x2
The gnoll hits you from afar with a +0 spear.
* * * LOW HITPOINT WARNING * * *
You hit the gnoll.
You kill the gnoll!
The gnoll hits you from afar with a +0 spear.
* * * LOW HITPOINT WARNING * * *
The gnoll hits you with a +0 spear!
You die...

#....#######.##
####.### #.#
#...# #.# ###.#
#.# #.# #.#
####.# #.#
.g#.# #.# #g#.#
#.# ####.#@#
#.# #<..)g.#
#.# ####.###
#.# ... #.#
############.#
#............#
#.############
#.# #†#


You could see a gnoll.

Vanquished Creatures
  Sigmund (D:2)
  Natasha (thrice) (D:2)
  3 gnolls (D:3)
  An adder (D:2)
  A worm (D:3)
  3 dart slugs
  3 ball pythons
  3 endoplasms
  2 giant cockroaches (D:1)
  2 goblins (D:1)
  3 hobgoblins (D:1)
  4 jackals (D:1)
  2 quokkas
  A bat (D:2)
  A frilled lizard (D:2)
  5 rats
38 creatures vanquished.

Notes
Turn   | Place    | Note
-------+----------+-------------------------------------------
     0 | D:1      | Oxelix the Gargoyle Fighter began the quest for the Orb.
     0 | D:1      | Reached XP level 1. HP: 14/14 MP: 1/1
   238 | D:1      | Found Ytuuwk's Distillery.
   247 | D:1      | Reached XP level 2. HP: 19/19 MP: 2/2
   598 | D:1      | Found a faded altar of an unknown god.
   984 | D:1      | Reached XP level 3. HP: 24/24 MP: 3/3
  1349 | D:2      | Noticed Sigmund
  1360 | D:2      | Killed Sigmund
  1361 | D:2      | Reached XP level 4. HP: 27/30 MP: 4/4
  1361 | D:2      | Reached XP level 5. HP: 31/34 MP: 5/5
  1778 | D:2      | Identified the amulet of False Pretenses {Reflect Fly rF-
                  | Int+8 SH+5}
  1978 | D:2      | Noticed Natasha
  1985 | D:2      | Killed Natasha
  1986 | D:2      | Reached skill level 5 in Maces & Flails
  2647 | D:2      | Noticed Natasha
  2658 | D:2      | Killed Natasha
  2659 | D:2      | Reached XP level 6. HP: 26/40 MP: 6/6
  2953 | D:2      | Noticed Natasha
  2960 | D:2      | Killed Natasha
  2961 | D:2      | Reached skill level 5 in Fighting
  3705 | D:3      | Slain by a gnoll

Illustrated notes

Levels and vault maps discovered:
D:1:      lightli_arrival_boilingwater, layout_loops_corners,
          shapermc_ecumenical_altar_venn, serial_shops, shop
D:2:      layout_loops_ring, uniq_sigmund, uniq_natasha
D:3:      layout_basic, amcnicky_altar_gilded, gammafunk_ghost_icy,
          amethyst_killhole

Skill      XL: |  1  2  3  4  5  6 |
---------------+-------------------+-----
Maces & Flails | 3 4 5 |  5.5
Fighting       | 4 5 |  5.1
Armour         | |  3.2
Shields        | |  3.2

Action                   |  1- 3 |  4- 6 || total
-------------------------+-------+-------++-------
Melee: Mace              |    13 |       ||    13
       Flail             |    64 |    68 ||   132
  Use: Potion            |     1 |       ||     1
Armor: Scale mail        |    60 |    25 ||    85
Dodge: Dodged            |    46 |    29 ||    75
Block: Buckler           |    21 |    24 ||    45
